Map: Catalyst LE

Players

IpwnU

  • Race: Terran Terran
  • Spawn Location: 11:00

CinDra - Winner!

  • Race: Zerg Zerg
  • League: Gold
  • Spawn Location: 5:00

VOD

Have the link to the VOD?

Description

Time

  • Played on: March 13, 2018, 3:23 p.m.
  • Length: 4:49
Show
View Real Time Build Order
Export as new Build Order

IpwnU Terran 

Build Orders:  

Get SALT Encoding   

  12  0:02  SCV  
  13  0:13  Refinery  
  13  0:21  Supply Depot  
  13  0:24  SCV  
  14  0:41  SCV  
  15  0:48  Supply Depot  
  15  0:53  SCV  
  16  1:09  SCV  
  17  1:14  Barracks  
  17  1:21  SCV  
  18  1:47  Command Center  
  18  1:48  SCV  
  19  2:00  SCV  
  20  2:07  Supply Depot  
  20  2:13  SCV, Barracks Reactor  
  21  2:23  Barracks  
  21  2:25  SCV  
  22  2:36  Supply Depot  
  23  2:37  SCV  
  23  2:49  SCV  
  23  2:51  Marine x2  
  26  3:03  Engineering Bay  
  26  3:07  SCV  
  26  3:08  Marine  
  26  3:09  Marine  
  29  3:19  SCV  
  30  3:26  Marine x2  
  31  3:29  Bunker  
  32  3:44  SCV, Marine x2  
  35  3:50  Refinery  
  35  3:56  SCV  
  35  4:02  Marine x2  
  37  4:08  SCV  
  33  4:13  Marine  
  30  4:20  SCV, Marine  
  33  4:30  Marine  
  29  4:32  SCV  
Show
View Real Time Build Order
Export as new Build Order

CinDra Zerg - Winner!

Build Orders: Pool First 

Get SALT Encoding   

  12  0:01  Drone  
  13  0:12  Overlord  
  13  0:17  Drone  
  14  0:32  Drone x2  
  16  0:39  Drone  
  17  0:46  Extractor, Drone  
  17  0:52  Spawning Pool  
  16  0:58  Drone  
  17  1:09  Drone  
  18  1:25  Hatchery  
  17  1:33  Drone x2  
  19  1:41  Overlord  
  19  1:47  Metabolic Boost  
  19  1:58  Queen  
  19  1:59  Zergling x2  
  22  2:15  Roach Warren  
  21  2:16  Zergling x4  
  23  2:35  Overlord  
  23  2:56  Roach x4  
  23  2:58  Roach  
  33  3:00  Roach  
  35  3:08  Roach  
  35  3:10  Zergling x2, Roach  
  35  3:12  Zergling x2  
  41  3:20  Overlord  
  41  3:28  Overlord  
  41  3:45  Overlord  
  41  3:46  Zergling x6  
  44  4:04  Zergling x2  
  44  4:05  Zergling x10  
  49  4:25  Zergling x6  
  49  4:28  Overlord x2  
Tags
 
League
Gold
Matchup
TvZ
Opening
Pool First
Spawn Locations
Cross Positions
Add a new tag
Caveats
  • Supply blocks, unpowered buildings, or Contaminate may cause inaccurate times.
  • Supply counts are checked every 10 seconds.